Map: Orbital Shipyard (3.0.5 Balance v1.0)

Players

rxrxYUKI - Winner!

  • Race: Protoss Protoss

Player 2

  • Race: Terran Terran

VOD

Have the link to the VOD?

Description

Time

  • Played on: Dec. 19, 2015, 9:16 a.m.
  • Length: 6:13
Show
View Real Time Build Order
Export as new Build Order

rxrxYUKI Protoss - Winner!

Build Orders: Mass Adepts 

Get SALT Encoding   

  12  0:02  Probe (Chrono Boost)  
  13  0:15  Probe (Chrono Boost)  
  14  0:21  Pylon  
  14  0:25  Probe (Chrono Boost)  
  15  0:40  Probe (Chrono Boost)  
  15  0:42  Gateway  
  16  0:51  Probe (Chrono Boost)  
  16  0:55  Assimilator  
  17  1:00  Assimilator  
  17  1:01  Probe (Chrono Boost)  
  18  1:07  Gateway  
  18  1:12  Probe (Chrono Boost)  
  19  1:26  Probe (Chrono Boost)  
  20  1:33  Cybernetics Core  
  20  1:47  Pylon  
  20  2:07  Gateway  
  20  2:11  Gateway  
  20  2:13  Warp Gate  
  20  2:15  Adept x2  
  24  2:45  Adept x2  
  28  2:56  Adept, Pylon  
  30  3:14  Adept  
  30  3:16  Pylon  
  30  3:17  Adept, Pylon  
  30  3:19  Pylon  
  34  3:27  Gateway  
  36  3:34  Adept  
  36  3:48  Adept  
  38  3:49  Adept  
  40  4:30  Stalker x3  
  40  4:31  Stalker  
  48  4:32  Stalker  
  50  4:58  Stalker  
  50  4:59  Stalker x2  
  50  6:07  Stalker x2  
  50  6:08  Stalker x2  
  50  6:10  Stalker  
Show
View Real Time Build Order
Export as new Build Order

Player 2 Terran 

Build Orders:  

Get SALT Encoding   

  12  0:00  SCV  
  13  0:13  SCV  
  14  0:19  Supply Depot  
  14  0:25  SCV  
  15  0:41  SCV  
  16  0:43  Barracks  
  16  0:49  Refinery  
  16  0:53  SCV  
  17  1:05  SCV  
  18  1:15  Supply Depot  
  18  1:31  Marine  
  18  1:32  Barracks, Orbital Command  
  19  1:41  Refinery  
  19  1:50  Marine  
  19  1:54  Factory  
  20  2:08  Barracks Tech Lab  
  20  2:18  Marine  
  20  2:21  Supply Depot  
  21  2:34  Marine  
  22  2:50  Marine  
  23  3:00  Supply Depot  
  23  3:06  Marine  
  23  3:10  SCV  
  25  3:22  SCV  
  25  3:23  Engineering Bay  
  25  3:24  Marauder  
  28  3:34  SCV  
  28  3:38  Hellion  
  31  3:46  SCV  
  32  3:51  Supply Depot  
  32  3:58  SCV  
  32  3:59  Hellion  
  35  4:09  Marauder  
  37  4:11  SCV  
  38  4:25  Hellion  
  40  4:46  Hellion  
  42  5:19  Marine  
  42  5:27  Marauder  
  34  5:34  Hellion  
  27  5:43  SCV  
  27  5:48  Marauder  
  22  5:55  SCV  
Tags
 
Add a new tag
Caveats
  • Supply blocks, unpowered buildings, or Contaminate may cause inaccurate times.
  • Supply counts are checked every 10 seconds.